mdma, chaotic male human Rogue G G h G G -.G --.- |.%.. --@|. |.%.| --.-- ---...| --..<.-- |.....| --...- ---- mdma the Cutpurse Experience level: 4 Strength: 12 Dexterity: 18 Constitution: 18 Intelligence: 8 Wisdom: 13 Charisma: 6 Health: 0(39) Energy: 18(18) Def: 5 Gold: 323 Moves: 1880 Dungeon seed: YFerVUbiIe1xpCJO Game ID: mdma_1529510519 Your Inventory: Coins $ - 323 gold pieces Weapons a - a blessed +0 short sword (weapon in hand) b - 6 +0 daggers (in quiver) i - 14 +0 darts D - a cursed +0 elven dagger F - a +0 dagger Armor e - a blessed +1 leather armor (being worn) n - an uncursed +0 pair of high boots (being worn) r - an uncursed +0 Hawaiian shirt (being worn) Y - an uncursed +2 elven mithril-coat Comestibles h - an uncursed tripe ration m - an uncursed pancake p - 4 uncursed food rations Scrolls j - an uncursed scroll of teleportation k - an uncursed scroll of identify Potions c - an uncursed potion of sickness v - 2 uncursed potions of blindness z - an uncursed potion of paralysis B - a blessed potion of fruit juice Wands u - a wand of striking (0:8) Tools d - an uncursed lock pick f - an uncursed sack q - a blessed oil lamp (0:1373) C - an uncursed tin whistle Gems y - an uncursed worthless piece of green glass E - an uncursed worthless piece of red glass N - an uncursed worthless piece of yellowish brown glass Spells and supernatural/magical abilities: Name Level Category Fail Memory z - sleep 1 enchantment 57% 98% W - pray for help -- divine ? -- Your skills at the end: Fighting Skills Weapon Skills dagger [Basic] short sword [Basic] Spellcasting Skills Final Attributes: You were piously aligned. You were blinded. You were telepathic. You were stealthy. You are dead. Vanquished creatures: 2 gnome lords 2 floating eyes a dwarf an acid blob a gas spore a hobbit a hobgoblin 2 giant rats a yellow mold 3 gnomes 3 geckos 4 jackals 3 foxes a kobold 5 grid bugs 3 lichens 7 newts 41 creatures vanquished. Voluntary challenges: You were an atheist. You used a wielded weapon 27 times, starting on turn 10. You read items or engraved 5 times, starting on turn 1412. You never genocided any monsters. You never polymorphed an object. You never changed form. You used no wishes. You never split a pudding. You never wrote Elbereth's name. You never violated your personal moral code. Dungeon overview: The Dungeons of Doom: levels 1 to 4 Level 1 a fountain a long staircase Level 2 Level 3 a general store, a fountain Level 4 a sink stairs to The Gnomish Mines The Gnomish Mines: Level 5 <- You were here stairs to The Dungeons of Doom History has recorded: On T:1 you entered the Dungeons of Doom to retrieve the Amulet of Yendor! On T:36 you reached level 2 of The Dungeons of Doom. On T:586 you advanced to experience level 2. On T:875 you advanced to experience level 3. On T:899 you reached level 3 of The Dungeons of Doom. On T:1109 you reached level 4 of The Dungeons of Doom. On T:1778 you reached level 1 of The Gnomish Mines. On T:1846 you advanced to experience level 4. Score breakdown: Gold: 323 ( 8540 points) Experience: 4 levels ( 9649 points) Exploration: 5 levels ( 10.20%) ( 8660 points) Discoveries: 5 items ( 1.68%) ( 3885 points) Valuables value: (no points given unless you survive) Artifact value: 0 ( 0 points) Variety of kills: 17 monsters ( 4.46%) ( 6336 points) Turncount: 1880 turns ( 0 points) Survival: died (score multiplied by 80%) Total score: 29656 Latest messages: You hear a nearby zap. The wand hits the gnome. The wand misses you. You throw 2 daggers. The 1st dagger hits the gnome lord. The 2nd dagger hits the gnome lord. You hit the gnome. You hear a nearby zap. The wand hits the gnome! The wand hits you! The dagger hits the gnome lord. You hear a nearby zap. The wand hits you! You try to feel what is lying here on the floor. There are a few objects here. You try to feel what is lying here on the floor. You feel here a hobbit corpse. You throw 2 daggers. The 1st dagger hits the gnome lord. The 2nd dagger hits the gnome lord. You hear a nearby zap. The wand hits you! You die... Final status: Goodbye mdma the Rogue, killed by a wand... You died in The Gnomish Mines on dungeon level 5 with 29656 points, and 323 pieces of gold, after 1880 moves. You were level 4 with a maximum of 39 hit points when you died.